 Dungeon Crawl Stone Soup version 0.30-a0-381-g6ea064c7b4 (webtiles) character file.

Game seed: 9465363455977099080

73 Maratek the Poker (level 4, -3/34 HPs)
             Began as a Merfolk Gladiator on Dec 1, 2022.
             Slain by a worm (7 damage)
             ... on level 2 of the Dungeon.
             The game lasted 00:04:34 (1267 turns).

Maratek the Poker (Merfolk Gladiator)               Turns: 1267, Time: 00:04:34

Health: -3/34      AC:  4    Str: 14    XL:     4   Next: 27%
Magic:  4/4        EV: 14    Int:  7    God:
Gold:   46         SH:  0    Dex: 17    Spells: 3/3 levels left

rFire   . . .      SeeInvis .    a - +0 trident
rCold   . . .      Faith    .    (no shield)
rNeg    . . .      Spirit   .    b - +0 leather armour
rPois   .          Reflect  .    c - +0 helmet
rElec   .          Harm     .    (no cloak)
rCorr   .          Rampage  .    (no gloves)
Will    .....                    (no boots)
Stlth   +.........               (no amulet)
HPRegen 0.25/turn                (no ring)
MPRegen 0.09/turn                (no ring)

@: no status effects
A: (nimble swimmer 2), mertail
a: no special abilities


You were on level 2 of the Dungeon.
You visited 1 branch of the dungeon, and saw 2 of its levels.

You collected 66 gold pieces.
You spent 20 gold pieces at shops.

Inventory:

Hand Weapons
 a - a +0 trident (weapon)
Missiles
 d - 3 throwing nets (quivered)
 e - a javelin
Armour
 b - a +0 leather armour (worn)
 c - a +0 helmet (worn)
Jewellery
 r - a ring of fire
Scrolls
 g - 4 scrolls of teleportation
 k - a scroll of amnesia
 q - a scroll of identify
Potions
 h - 2 potions of heal wounds {unknown}
 i - 2 potions of haste {unknown}
 l - a potion of brilliance {unknown}
 n - a potion of degeneration {unknown}
 p - a potion of might {unknown}


   Skills:
 + Level 2.6 Fighting
 + Level 5.5 Polearms
 + Level 2.0 Throwing
 + Level 0.6 Armour
 + Level 4.6 Dodging


You had 3 spell levels left.
You didn't know any spells.
Your spell library was empty.

Dungeon Overview and Level Annotations

Branches:
Dungeon (2/15)

Altars:

Shops:
D:1 *


Innate Abilities, Weirdness & Mutations

((You are very nimble when in or above water. (Stealth+, EV+, Speed+++)))
Your lower body shifts to a powerful aquatic tail in water.


Message History

You have reached level 4!
You feel better. The gnoll barely misses you.
You closely miss the gnoll. The gnoll hits you with a +0 whip.
You hit the gnoll but do no damage. The gnoll barely misses you.
You hit the gnoll.
The gnoll is moderately wounded.
The gnoll hits you with a +0 whip.
You hit the gnoll.
The gnoll is severely wounded.
The gnoll closely misses you.
You hit the gnoll.
The gnoll is severely wounded.
The gnoll hits you with a +0 whip.
You closely miss the gnoll.
The gnoll is severely wounded.
The gnoll hits you with a +0 whip.
* * * LOW HITPOINT WARNING * * *
You completely miss the gnoll.
The gnoll is severely wounded.
The gnoll hits you with a +0 whip.
* * * LOW HITPOINT WARNING * * *
You puncture the gnoll!
You kill the gnoll!
You feel better.
You hit the worm.
The worm is lightly wounded.
You hit the worm.
The worm is moderately wounded.
The worm bites you!
* * * LOW HITPOINT WARNING * * *
You hit the worm but do no damage.
The worm is moderately wounded.
The worm bites you.
* * * LOW HITPOINT WARNING * * *
You puncture the worm!
The worm is severely wounded.
You hit the worm.
The worm is severely wounded.
The worm bites you!
You die...

** ,* ,******* ,,,,,,,*
,*****,*** ,,,,,*,,,* ,***,*,*,*
####### ,*
*,*,*^*########.....#### ,*
*,*,*_*#....w@'........#
,***,,,**#....####.....##.#######
,,,,,,*,,...,,#........##.#......
,,,,,,*,,.,,,,#.#[.....##.#......
,,,,,,*,,,,,,,#.#......##.#......
,***+**,,,,,,,#.#......##.#......
,* *,**,,,,,,,#.#.#######.#.....)
,* *,,,,,,,,*,#.#.#######.######.
*************,#.#................


You could see a worm.

Vanquished Creatures
  An adder (D:2)
  3 gnolls (D:2)
  A dart slug (D:1)
  2 ball pythons (D:2)
  3 endoplasms (D:1)
  3 giant cockroaches (D:2)
  3 goblins
  7 hobgoblins
  2 bats
  2 frilled lizards (D:2)
  A kobold (D:2)
  3 rats
31 creatures vanquished.

Notes
Turn   | Place    | Note
-------+----------+-------------------------------------------
     0 | D:1      | Maratek the Merfolk Gladiator began the quest for the Orb.
     0 | D:1      | Reached XP level 1. HP: 16/16 MP: 1/1
   221 | D:1      | Found Joydosit's General Store.
   249 | D:1      | Reached XP level 2. HP: 23/23 MP: 2/2
   253 | D:1      | Bought a scroll of identify for 20 gold pieces
   654 | D:2      | Reached XP level 3. HP: 28/28 MP: 3/3
   953 | D:2      | Reached skill level 5 in Polearms
  1253 | D:2      | Reached XP level 4. HP: 10/34 MP: 4/4
  1267 | D:2      | Slain by a worm

Illustrated notes

Levels and vault maps discovered:
D:1:      dpeg_arrival_more_subterranean_lakeside_camping, layout_rooms,
          serial_shops, nicolae_shop_statue_plus
D:2:      layout_basic, hellmonk_ecumenical_altar_leap_of_faith, hex_medium,
          grunt_ministairs_6

Skill      XL: |  1  2  3 |
---------------+----------+-----
Polearms       | 5 |  5.5
Fighting       | |  2.6
Throwing       | |  2.0
Armour         | |  0.6
Dodging        | |  4.6

Action                   |  1- 3 |  4- 6 || total
-------------------------+-------+-------++-------
Melee: Trident           |    85 |    13 ||    98
  Use: Scroll            |     6 |       ||     6
       Potion            |     1 |     2 ||     3
Armor: Leather armour    |    16 |       ||    16
Dodge: Dodged            |    68 |     3 ||    71

Table legend: (Time is in decaauts)
 A = Elapsed time spent in this place.
 B = Non-inter-level travel time spent in this place.
 C = Inter-level travel time spent in this place.
 D = Time resting spent in this place.
 E = Time spent auto-exploring this place.
 F = Levels seen in this place.
 G = Mean time per level.
                   A        B        C        D        E       F      G
               +--------+--------+--------+--------+--------+-----+--------+
         Total |   1266 |   1266 |      0 |      0 |    917 |   2 |  633.0 |
       Dungeon |   1266 |   1266 |      0 |      0 |    917 |   2 |  633.0 |
               +--------+--------+--------+--------+--------+-----+--------+

Top non-repeatable levels by time:
     D:2: 812 daAuts
     D:1: 453 daAuts
